 Seeded DCSS version 0.31.0-32-g396128a36d (webtiles) character file.

Game seed: 1724519981061264131 (custom seed)

207 timneilson the Covered (level 5, 0/33 HPs)
             Began as a Gargoyle Fighter on Mar 30, 2024.
             Incinerated by a bombardier beetle (2 damage)
             ... with a burning spray
             ... on level 4 of the Dungeon.
             The game lasted 00:05:40 (2274 turns).

timneilson the Covered (Gargoyle Fighter)           Turns: 2274, Time: 00:05:41

Health: 0/33       AC: 13    Str: 20    XL:     5   Next: 85%
Magic:  5/5        EV:  8    Int:  8    God:
Gold:   137        SH:  6    Dex: 11    Spells: 4/4 levels left

rFire   . . .        a - +1 long sword
rCold   . . .        c - +1 buckler
rNeg    + . .        f - +0 chain mail
rPois   ∞            (no helmet)
rElec   +            (no cloak)
rCorr   .            (no gloves)
SInv    .            (no boots)
Will    .....        (no amulet) Stlth
                     (no ring)
HPRegen 0.25/turn    (no ring)
MPRegen 0.09/turn

%: no passive effects
@: on fire, glowing
A: sickness immunity, AC +4, negative energy resistance 1, electricity
resistance, torment resistance 1, petrification resistance
a: no special abilities


You were on level 4 of the Dungeon.
You visited 1 branch of the dungeon, and saw 4 of its levels.

You collected 137 gold pieces.

Inventory:

Hand Weapons
 a - a +1 long sword (weapon)
Armour
 c - a +1 buckler (worn)
 f - a +0 chain mail (worn)
Scrolls
 b - 2 scrolls of identify
 e - 2 scrolls of enchant weapon
 g - a scroll of blinking
 i - 2 scrolls of teleportation
 j - a scroll of fog
 l - a scroll of fear
Potions
 d - a potion of might
 h - a potion of lignification
 k - a potion of invisibility {unknown}


   Skills:
 + Level 4.0 Fighting
 * Level 2.9 Long Blades
 * Level 4.5 Armour
 + Level 1.2 Dodging
 * Level 4.4 Shields


You had 4 spell levels left.
You didn't know any spells.
Your spell library contained the following spells:

 Spells                   Type           Power      Damage    Failure   Level
 Foxfire                  Conj/Fire      0%         2x1d4     98%         1
 Magic Dart               Conj           0%         1d3       98%         1
 Searing Ray              Conj           0%         2d4       99%         2
 Fulminant Prism          Conj/Alch      0%         3d5       100%        4
 Petrify                  Alch/Erth      0%         N/A       100%        4
 Irradiate                Conj/Alch      0%         3d11      100%        5
 Plasma Beam              Fire/Air       0%         2x1d10    100%        6
 Starburst                Conj/Fire      0%         6d3       100%        6
 Sublimation of Blood     Necr           Unusable   N/A       N/A         2

Dungeon Overview and Level Annotations

Branches:
Dungeon (4/15)
 Temple: D:4-7

Altars:
Makhleb
Wu Jian
The Shining One

Shops:
D:4 [

Annotations:
D:3 2 runed translucent doors, dchavez06's ghost, amateur DsFi


Innate Abilities, Weirdness & Mutations

You are immune to sickness and miasma.
Your stone body is resilient. (AC +4)
You are immune to poison.
You resist negative energy. (rN+)
You are resistant to electric shocks. (rElec)
You are resistant to unholy torment.
You are immune to petrification.


Message History

The bombardier beetle is severely wounded.
The bombardier beetle bites you but does no damage.
You barely miss the bombardier beetle.
The bombardier beetle is severely wounded.
The bombardier beetle sprays incendiary fluid at you.
The burning spray hits you.
You are covered in liquid fire!
You closely miss the bombardier beetle.
The bombardier beetle is severely wounded.
The liquid fire burns you!
The bombardier beetle bites you but does no damage.
You barely miss the bombardier beetle.
The bombardier beetle is severely wounded.
The liquid fire burns you!
The bombardier beetle sprays incendiary fluid at you.
The burning spray hits you.
You are even more covered in liquid fire!
You hit the bombardier beetle but do no damage.
The bombardier beetle is severely wounded.
The liquid fire burns you! The dart slug closely misses you.
You hit the bombardier beetle.
The bombardier beetle is almost dead.
The liquid fire burns you!
You block the bombardier beetle's attack.
You block the dart slug's attack.
You slash the bombardier beetle!
You kill the bombardier beetle!
The liquid fire burns you!
* * * LOW HITPOINT WARNING * * *
Your Fighting skill increases to level 4!
You hit the dart slug.
The dart slug is lightly wounded.
The liquid fire burns you!
* * * LOW HITPOINT WARNING * * *
The dart slug launches a dart at you. The slug dart misses you.
You shake off some of the fire as you move.
The liquid fire burns you!
You die...

#.# #.# #.# #.#
#.# ###### #.#
.....#####.##
..#####........#
.......@...∩...#
..#####..####..#
#†w# #.....
...... .......
..........#####
....##..###.#
.... .... .#
#### ....# ...#


You could see a dart slug.

Vanquished Creatures
  A bombardier beetle (D:4)
  A jelly (D:3)
  Terence (D:2)
  4 adders
  2 ribbon worms (D:3)
  3 dart slugs
  4 endoplasms
  4 giant cockroaches
  6 goblins
  9 hobgoblins
  8 kobolds
  6 quokkas
  5 ball pythons
  5 bats
  A frilled lizard (D:3)
  7 rats
67 creatures vanquished.

Notes
Turn   | Place    | Note
-------+----------+-------------------------------------------
     0 | D:1      | timneilson the Gargoyle Fighter began the quest for the
                  | Orb.
     0 | D:1      | Reached XP level 1. HP: 14/14 MP: 1/1
   165 | D:1      | Reached XP level 2. HP: 19/19 MP: 2/2
   333 | D:1      | Found a faded altar of an unknown god.
   590 | D:1      | Reached XP level 3. HP: 23/23 MP: 3/3
   955 | D:2      | Noticed Terence
   988 | D:2      | Killed Terence
   989 | D:2      | Reached XP level 4. HP: 23/29 MP: 4/4
  1560 | D:3      | Found a runed translucent door.
  1560 | D:3      | Noticed dchavez06's ghost (amateur DsFi)
  1560 | D:3      | Noticed a bullfrog
  1594 | D:3      | Reached skill level 1 in Dodging
  1594 | D:3      | Reached XP level 5. HP: 29/33 MP: 5/5
  1642 | D:3      | Found a runed translucent door.
  1681 | D:3      | Found a glowing golden altar of the Shining One.
  1925 | D:3      | Identified the orb of Lightning Storm {mayhem, rF- rC+
                  | rN++}
  2215 | D:3      | Found an ornate altar of the Wu Jian Council.
  2239 | D:4      | Found a burning altar of Makhleb.
  2242 | D:4      | Identified the +1 whip of Sucy {drain, Str-4 Dex+2 Stlth+}
  2256 | D:4      | Found Cuwnism's Antique Armour Shoppe.
  2273 | D:4      | HP: 1/33 [burnt (7)]
  2274 | D:4      | Incinerated by a bombardier beetle

Illustrated notes

Levels and vault maps discovered:
D:1:      lemuel_arrival_rhombus, layout_loops_ring,
          hellmonk_ecumenical_altar_prayer_group
D:2:      cheibrodos_helix_gallery, layout_basic, uniq_terence
D:3:      layout_rooms, old_standard_altar, nicolae_overflow_hidden_temple,
          ebering_ghost_sewer_f
D:4:      layout_loops_ring, bloody_makhleb, serial_shops, shop,
          nicolae_ossuary_entry_plus, chequers_serial_rivers_micro_b

Skill      XL: |  1  2  3  4  5 |
---------------+----------------+-----
Long Blades    | 2 |  2.9
Armour         | 4 |  4.5
Shields        | 4 |  4.4
Dodging        | 1 |  1.2
Fighting       | 4 |  4.0

Action                     |  1- 3 |  4- 6 || total
---------------------------+-------+-------++-------
  Melee: Long sword        |   108 |   116 ||   224
    Use: Scroll            |     5 |     3 ||     8
 Armour: Scale mail        |     9 |       ||     9
         Chain mail        |    92 |    80 ||   172
  Dodge: Dodged            |    43 |    33 ||    76
  Block: Buckler           |    27 |    36 ||    63
